 Dungeon Crawl Stone Soup version 0.28.0-62-gf88900778d (webtiles) character file.

Game seed: 13527167011881053523

0 rstyx the Covered (level 1, 20/20 HPs)
             Began as a Deep Dwarf Fighter on Apr 12, 2024.
             Was a Follower of the Shining One.
             Quit the game on level 1 of the Dungeon.
             The game lasted 00:00:51 (43 turns).

rstyx the Covered (Deep Dwarf Fighter)                Turns: 43, Time: 00:00:51

Health: 20/20      AC:  6    Str: 19    XL:     1   Next: 8%
Magic:  1/1        EV:  9    Int:  8    God:    the Shining One [*.....]
Gold:   0          SH:  4    Dex: 12    Spells: 0/0 levels left

rFire   . . .      SeeInvis .   a - +0 war axe
rCold   . . .      Faith    .   c - +0 buckler
rNeg    . . .      Spirit   .   b - +0 scale mail
rPois   .          Reflect  .   (no helmet)
rElec   .          Harm     .   (no cloak)
rCorr   .          Rampage  .   (no gloves)
Will    .....                   (no boots)
Stlth   ..........              (no amulet)
HPRegen 0.00/turn               (no ring)
MPRegen 0.07/turn               (no ring)

@: glowing
A: damage resistance, heal wounds, sense surroundings 1, no regeneration
a: Heal Wounds, Renounce Religion, Divine Shield


You were on level 1 of the Dungeon.
You worshipped the Shining One.
The Shining One was aware of your devotion.
You visited 1 branch of the dungeon, and saw 1 of its levels.

Inventory:

Hand Weapons
 a - a +0 war axe (weapon)
Armour
 b - a +0 scale mail (worn)
 c - a +0 buckler (worn)
Potions
 d - a potion of might


   Skills:
 + Level 2.7 Fighting
 + Level 2.2 Axes
 + Level 3.3 Armour
 + Level 3.3 Shields


You couldn't memorise any spells.
You didn't know any spells.
Your spell library was empty.

Dungeon Overview and Level Annotations

Branches:
Dungeon (1/15)

Altars:
The Shining One


Innate Abilities, Weirdness & Mutations

You are resistant to damage.
You can heal yourself by infusing magical energy.
You passively map a small area around you.
You do not regenerate.


Message History

Welcome, rstyx the Deep Dwarf Fighter.
It is said that the Orb of Zot exists deep within this dungeon.
Press ? for a list of commands and other information.
Found a staircase leading out of the dungeon.
You open the door.
There is an open door here.
You open the door.
There is an open door here.
As you open the huge gate, it creaks loudly!
You hear an angry hiss.
Found a faded altar of an unknown god.
Found a stone staircase leading down.
A frilled lizard comes into view.
There is a huge open gate here.
A frilled lizard is nearby!
Found 16 stones.
There is a huge open gate here.
There is a faded altar of an unknown god here.
You cannot tell which god this altar belongs to.
Convert to them anyway?
Okay, then.
There is a huge open gate here.
You miss the frilled lizard.
The frilled lizard bites you but does no damage.
You slash the frilled lizard!
You kill the frilled lizard!
There is a huge open gate here.
You see here a frilled lizard corpse.
You see here 16 stones.
There is a huge open gate here.
You see here a frilled lizard corpse.
There is a huge open gate here.
There is a faded altar of an unknown god here.
You cannot tell which god this altar belongs to.
Convert to them anyway?
The Shining One accepts your prayer! The Shining One welcomes you!
You and your allies can now gain power from killing the unholy and evil.
You can now call upon the Shining One for a divine shield.
Press: ? - help, . - travel You can't see that place.
Char dumped successfully.
Are you sure you want to abandon this character and quit the game? (Confirm with "yes".)

* #.# #.# , #.#
###.#### * * * * ,
#.###...... , *
#.#...#..###* * *
, *,#.# #..>...# ,
, * #.###'''''.# *
, , #.##.'''''.#
,#(...†'@''.# * *
####.'''''.#####.#
#.'''''#......#
#......#.####....
, **
####...##.########
, ** ,
.................
, ,
....###'###......
, ..+# #.## #+....
, , #..#* * ...


There were no monsters in sight!

Vanquished Creatures
  A frilled lizard (D:1)
1 creature vanquished.

Notes
Turn   | Place    | Note
-------+----------+-------------------------------------------
     0 | D:1      | rstyx the Deep Dwarf Fighter began the quest for the Orb.
     0 | D:1      | Reached XP level 1. HP: 20/20 MP: 1/1
    24 | D:1      | Found a faded altar of an unknown god.
    42 | D:1      | Prayed at the altar of an unknown god.
    42 | D:1      | Became a worshipper of the Shining One
    42 | D:1      | Reached * piety under the Shining One
    43 | D:1      | Quit the game

Illustrated notes

Levels and vault maps discovered:
D:1:      nicolae_arrival_somewhat_less_tricky_arrival, layout_loops_ring,
          hellmonk_ecumenical_altar_heavens_door, serial_shops,
          nicolae_shop_hallway_plus, serial_co_window_serial, co_window_paths_b,
          co_window_of_opportunity_a, co_window_of_opportunity_a,
          co_window_of_opportunity_a, co_window_of_opportunity_a,
          co_window_corner_a, co_window_corner_a, co_window_corner_a,
          co_window_cross_1, co_window_2corner, co_window_paths_c,
          co_window_broadway_b, co_window_corner_cb, co_window_of_opportunity_b,
          co_window_paths_e, glass_columns_b, glass_columns_b

Action                   || total
-------------------------++-------
Melee: War axe           ||     2
Armor: Scale mail        ||     1
